 Dungeon Crawl Stone Soup version 0.18.1-47-g9310371 (webtiles) character file.

86 Krovax the Charmwright (level 4, -2/34 HPs)
             Began as a Merfolk Skald on June 18, 2016.
             Slain by a goblin (3 damage)
             ... on level 2 of the Dungeon.
             The game lasted 00:24:38 (1965 turns).

Krovax the Charmwright (Merfolk Skald)              Turns: 1965, Time: 00:24:39

Health: -2/34      AC:  3    Str: 12    XL:     4   Next: 49%
Magic:  7/7        EV: 12    Int: 11    God:
Gold:   65         SH:  0    Dex: 14    Spells: 3 memorised, 2 levels left

rFire  . . .     SeeInvis .     a - +0 spear
rCold  . . .     Gourm    .     b - +0 leather armour
rNeg   . . .     Faith    .     (no shield)
rPois  .         Spirit   .     (no helmet)
rElec  .         Dismiss  .     (no cloak)
rCorr  .         Reflect  .     (no gloves)
SustAt .         Harm     +     (no boots)
MR     .....                    e - amulet of harm
Stlth  ++........               (no ring)
                                (no ring)

@: not resistant to hostile enchantments, unstealthy
A: change form in water, swift swim
a: no special abilities


You were on level 2 of the Dungeon.
You were not hungry.

You visited 1 branch of the dungeon, and saw 3 of its levels.

You collected 65 gold pieces.

Inventory:

Hand Weapons
 a - a +0 spear (weapon)
Missiles
 i - 33 poisoned needles
Armour
 b - a +0 leather armour (worn)
 k - a +0 leather armour
Jewellery
 e - an amulet of harm (around neck)
Scrolls
 f - a scroll of fog {unknown}
 h - 2 scrolls of identify {unknown}
 l - a scroll of recharging {unknown}
Potions
 j - a potion of might {unknown}
 m - a potion of degeneration {unknown}
 o - a potion of curing {unknown}
Books
 c - a book of Battle

   Spells                             Type                      Level
   a - Infusion                       Charms                       1
   b - Shroud of Golubria             Charms/Translocation         2
   c - Song of Slaying                Charms                       2
   d - Spectral Weapon                Hexes/Charms                 3
   e - Regeneration                   Charms/Necromancy            3
Comestibles
 d - 2 bread rations
 g - 4 fruits
 n - 3 chunks of flesh


   Skills:
 + Level 2.4 Fighting
 + Level 3.8 Polearms
 - Level 1.3 Armour
 * Level 3.0 Dodging
 + Level 1.2 Stealth
 + Level 2.0 Spellcasting
 * Level 4.0 Charms


You had 2 spell levels left.
You knew the following spells:

 Your Spells              Type           Power        Failure   Level  Hunger
a - Infusion              Chrm           #...         10%         1    ##.....
b - Song of Slaying       Chrm           #.......     12%         2    ###....
c - Shroud of Golubria    Chrm/Tloc      #.........   24%         2    ###....


Dungeon Overview and Level Annotations

Branches:
Dungeon (3/15)

Altars:

Annotations:
D:3 Purgy


Message History

The adder bites you but does no damage.
You closely miss the adder. The goblin barely misses you. The adder bites you.
The goblin barely misses you. The goblin hits you but does no damage.
The adder barely misses you. The adder bites you.
* * * LOW HITPOINT WARNING * * *
Your song has ended.
The goblin hits you.
* * * LOW HITPOINT WARNING * * *
The dart slug barely misses you. The adder closely misses you.
The adder barely misses you. The goblin hits you.
* * * LOW HITPOINT WARNING * * *
The dart slug launches a dart at you. The slug dart hits you!
* * * LOW HITPOINT WARNING * * *
The adder bites you.
* * * LOW HITPOINT WARNING * * *
The goblin hits you.
You die...

#.#######.# #.<.### #..
#.# #...#.. ##.# #.#
#...#.. .. #.# #...#..
#.# #.# #...#.. #.#
#...#.. .####'###...###
#######.##.........#
#...S@..##........##
#...g....#........#
#######...w....###'######
..........[.....##.#
......!.......#.##.#
..............#.##.#
..............'..#.#
..............##.#.#
..............##.#.#


You could see an adder, a dart slug and a goblin.

Vanquished Creatures
  4 gnolls (D:2)
  An adder (D:2)
  A worm (D:2)
  2 dart slugs (D:2)
  A giant gecko (D:1)
  2 giant cockroaches
  5 goblins
  3 hobgoblins
  A jackal (D:1)
  A quokka (D:2)
  5 bats
  A giant newt (D:2)
  3 kobolds
  3 rats
33 creatures vanquished.

Notes
Turn   | Place    | Note
--------------------------------------------------------------
     0 | D:1      | Krovax the Merfolk Skald began the quest for the Orb.
     0 | D:1      | Reached XP level 1. HP: 16/16 MP: 3/3
   217 | D:1      | Reached XP level 2. HP: 22/22 MP: 5/5
   276 | D:1      | SAS
   778 | D:2      | Reached XP level 3. HP: 27/27 MP: 6/6
   802 | D:2      | Reached skill level 1 in Armour
   878 | D:3      | Noticed Purgy
  1020 | D:2      | Learned a level 2 spell: Song of Slaying
  1051 | D:2      | Reached XP level 4. HP: 10/33 MP: 3/7
  1272 | D:2      | Reached skill level 1 in Stealth
  1586 | D:2      | Learned a level 2 spell: Shroud of Golubria
  1932 | D:2      | Reached skill level 4 in Charms
  1964 | D:2      | HP: 1/34 [adder (2)]
  1965 | D:2      | Slain by a goblin

Skill      XL: |  1  2  3  4 |
---------------+-------------+-----
Dodging        | 2 3 |  3.0
Armour         | 1 |  1.3
Stealth        | 1 |  1.2
Charms         | 4 |  4.0
Fighting       | |  2.4
Polearms       | |  3.8
Spellcasting   | |  2.0

Action                   |  1- 3 |  4- 6 || total
-------------------------+-------+-------++-------
Melee: Spear             |    77 |    67 ||   144
 Cast: Infusion          |     2 |     1 ||     3
       Song of Slaying   |       |     1 ||     1
  Eat: Chunk             |     1 |     2 ||     3
       Fruit             |       |     1 ||     1
Armor: Leather armour    |    25 |    11 ||    36
Dodge: Dodged            |    41 |    49 ||    90
